 Dungeon Crawl Stone Soup version 0.24-a0-291-g79c1ce7 (webtiles) character file.

Game seed: 15450696712354466318

81 galech the Covered (level 4, -16/35 HPs)
             Began as a Demonspawn Fighter on May 9, 2019.
             Demolished by an ogre
             ... wielding a +0 giant club
              (21 damage)
             ... on level 3 of the Dungeon.
             The game lasted 00:01:53 (2088 turns).

galech the Covered (Demonspawn Fighter)             Turns: 2088, Time: 00:01:54

Health: -16/35     AC: 10    Str: 16    XL:     4   Next: 19%
Magic:  4/4        EV:  4    Int: 10    God:
Gold:   135        SH:  9    Dex: 13    Spells: 3/3 levels left

rFire    + . .     SeeInvis .   a - +0 war axe
rCold    . . .     Gourm    .   c - +0 shield
rNeg     . . .     Faith    .   r - +0 chain mail
rPois    .         Spirit   .   (helmet restricted)
rElec    .         Reflect  .   e - +0 cloak
rCorr    .         Harm     .   (no gloves)
MR       .....                  (no boots)
Stlth    ..........             k - amulet of rage
HPRegen  0.11/turn              (no ring)
MPRegen  0.09/turn              (no ring)

@: no status effects
A: horns 1, fire resistance 1
a: Evoke Berserk Rage


You were on level 3 of the Dungeon.
You were not hungry.

You visited 1 branch of the dungeon, and saw 3 of its levels.

You collected 135 gold pieces.

Inventory:

Hand Weapons
 a - a +0 war axe (weapon)
Armour
 c - a +0 shield (worn)
 e - a +0 cloak (worn)
 r - a +0 chain mail (worn)
Jewellery
 k - an amulet of rage (around neck)
Wands
 t - a wand of flame (18)
Scrolls
 b - a scroll of magic mapping {unknown}
 h - 4 scrolls of identify {unknown}
 j - a scroll of amnesia {unknown}
 l - a scroll of enchant armour {unknown}
 o - a scroll of teleportation {unknown}
 p - a scroll of fear {unknown}
 s - a scroll of immolation {unknown}
Potions
 d - a potion of might
 g - a potion of ambrosia {unknown}
 i - a potion of mutation {unknown}
 m - 2 potions of flight {unknown}
 q - a potion of invisibility {unknown}
Comestibles
 f - 4 rations
 n - 6 chunks of flesh


   Skills:
 + Level 3.2 Fighting
 + Level 2.8 Axes
 + Level 3.4 Armour
 + Level 0.3 Dodging
 + Level 3.1 Shields


You had 3 spell levels left.
You didn't know any spells.
Your spell library was empty.

Dungeon Overview and Level Annotations

Branches:
Dungeon (3/15)

Altars:
Dithmenos
Hepliaklqana


Innate Abilities, Weirdness & Mutations

You have a pair of small horns on your head.
Your flesh is heat resistant. (rF+)


Message History

You are too injured to fight recklessly!
You hit the ogre. Your headbutt misses the ogre.
The ogre is moderately wounded.
The ogre barely misses you.
You slash the ogre!
The ogre is severely wounded.
The ogre hits you with a +0 giant club.
* * * LOW HITPOINT WARNING * * *
You hit the ogre but do no damage.
The ogre is severely wounded.
You block the ogre's attack.
You hit the ogre.
The ogre is severely wounded.
The ogre hits you with a +0 giant club.
* * * LOW HITPOINT WARNING * * *
You hit the ogre. Your headbutt misses the ogre.
The ogre is almost dead.
The ogre hits you with a +0 giant club!!
Ouch! That really hurt!
You die...

.#.. .#...# #.#.#...#...
##..#.##......# #..
#.###.#...#
#.###.........# #######
##.#.....#.#...# .......
.....###.#.....# .......
#.#.## #..#....###.......
..#.# ##.#....O@).......
#...#####.#.#..###.......
..........#.#.......$....
.....###...............##
..#..#####..##.........#
..##..(# #..##.........#
...#.#.#.......[.......#
#..#.....#..##....$....#
^...........##........


You could see an ogre.

Vanquished Creatures
  2 adders (D:2)
  An ooze (D:3)
  A dart slug (D:1)
  4 leopard geckos
  6 bats
  3 giant cockroaches
  5 goblins
  7 hobgoblins
  3 jackals (D:2)
  2 quokkas (D:3)
  A ball python (D:3)
  7 frilled lizards
  3 kobolds (D:1)
  7 rats
52 creatures vanquished.

Notes
Turn   | Place    | Note
-------+----------+-------------------------------------------
     0 | D:1      | galech the Demonspawn Fighter began the quest for the Orb.
     0 | D:1      | Reached XP level 1. HP: 18/18 MP: 1/1
   195 | D:1      | Gained mutation: You have a pair of small horns on your
                  | head. [demonic ancestry]
   195 | D:1      | Reached XP level 2. HP: 24/24 MP: 2/2
   817 | D:2      | Found a hazy altar of Hepliaklqana.
   831 | D:2      | Reached XP level 3. HP: 14/29 MP: 3/3
  1866 | D:3      | Gained mutation: Your flesh is heat resistant. (rF+)
                  | [demonic ancestry]
  1866 | D:3      | Reached XP level 4. HP: 31/35 MP: 4/4
  1986 | D:3      | Found a shadowy altar of Dithmenos.
  2079 | D:3      | Noticed an ogre
  2088 | D:3      | Demolished by an ogre

Levels and vault maps discovered:
D:1:      enne_arrival_octagon_isle, layout_basic
D:2:      layout_basic, lemuel_crystal_altar
D:3:      layout_rooms, grunt_dithmenos_smoke, minmay_misc_feat_rows,
          lemuel_another_geyser

Skill      XL: |  1  2 |
---------------+-------+-----
Axes           | 2 |  2.8
Armour         | 3 |  3.4
Shields        | 3 |  3.1
Fighting       | |  3.2
Dodging        | |  0.3

Action                   |  1- 3 |  4- 6 || total
-------------------------+-------+-------++-------
Melee: War axe           |   149 |    28 ||   177
       Headbutt          |    15 |     2 ||    17
  Eat: Chunk             |     3 |     1 ||     4
Armor: Scale mail        |    58 |       ||    58
       Chain mail        |    38 |    21 ||    59
Dodge: Dodged            |    44 |     4 ||    48
Block: Shield            |    82 |    16 ||    98

Table legend:
 A = Non-vault XP
 B = Vault XP
 C = Vault XP percentage of total XP
 D = Non-vault monster count
 E = Vault monster count
 F = Vault count percentage of total count
                 A         B        C        D         E       F
            +---------+---------+-------+---------+---------+-------
      Total |     116 |       0 |   0.0 |      52 |       0 |   0.0
            +---------+---------+-------+---------+---------+-------
        D:1 |      27 |       0 |   0.0 |      15 |       0 |   0.0
        D:2 |      45 |       0 |   0.0 |      13 |       0 |   0.0
        D:3 |      44 |       0 |   0.0 |      24 |       0 |   0.0
            +---------+---------+-------+---------+---------+-------
